 Dungeon Crawl Stone Soup version 0.27.1 (webtiles) character file.

Game seed: 1158252030065328792

489 nxtlvl the Chopper (level 6, -14/51 HPs)
             Began as a Draconian Berserker on Aug 23, 2021.
             Was a Believer of Trog.
             Killed from afar by a steam dragon (24 damage)
             ... with a ball of steam
             ... on level 7 of the Dungeon.
             The game lasted 00:04:21 (606 turns).

nxtlvl the Chopper (Draconian Berserker)             Turns: 606, Time: 00:04:22

Health: -14/51     AC: 10    Str: 19    XL:     6   Next: 90%
Magic:  6/6        EV: 12    Int:  8    God:    Trog [**....]
Gold:   74         SH:  0    Dex: 12    Spells: 5/5 levels left

rFire    . . .     SeeInvis .   a - +0 hand axe
rCold    . . .     Faith    .   (no shield)
rNeg     . . .     Spirit   .   (armour unavailable)
rPois    .         Reflect  .   (helmet restricted)
rElec    .         Harm     .   (no cloak)
rCorr    .         Rampage  .   (no gloves)
Will     .....                  (no boots)
Stlth    +.........             (no amulet)
HPRegen  0.17/turn              b - +4 ring of protection
MPRegen  0.10/turn              (no ring)

@: on berserk cooldown, slowed, very slow
A: AC +6, unfitting armour, cold-blooded
a: Renounce Religion, Berserk, Trog's Hand


You were on level 7 of the Dungeon.
You worshipped Trog.
Trog was pleased with you.
You visited 1 branch of the dungeon, and saw 7 of its levels.

You collected 74 gold pieces.

Inventory:

Hand Weapons
 a - a +0 hand axe (weapon)
 f - a +0 hunting sling
Missiles
 c - 45 sling bullets
Jewellery
 b - a +4 ring of protection (left hand)
Wands
 g - a wand of iceblast (6)
Scrolls
 d - a scroll of teleportation {unknown}
 h - a scroll of fear {unknown}
Potions
 e - a potion of cancellation {unknown}
 i - a potion of curing {unknown}


   Skills:
 - Level 3.2 Fighting
 * Level 7.9 Axes
 - Level 2.6 Dodging


You had 5 spell levels left.
You didn't know any spells.
Your spell library was empty.

Dungeon Overview and Level Annotations

Branches:
Dungeon (7/15)
 Temple: D:4-7

Altars:


Innate Abilities, Weirdness & Mutations

Your plain brown scales are hard. (AC +6)
You cannot fit into any form of body armour.
You are cold-blooded and may be slowed by cold attacks.


Message History

Trog accepts your kill.
You slash the orc!
You kill the orc!
Trog accepts your kill.
You slash the orc!
You kill the orc!
Trog accepts your kill. The steam dragon breathes steam at you.
The ball of steam misses you.
You hear a shout!
You closely miss the orc priest.
You are engulfed in a cloud of scalding steam.
You slash the orc priest!
You kill the orc priest!
Trog accepts your kill.
You are engulfed in a cloud of scalding steam.
Items here: $ )) [ †.
You feel a strong urge to attack something.
You are engulfed in a cloud of scalding steam.
The steam dragon bites you but does no damage.
The steam dragon claws you but does no damage.
Things that are here:
a +0 flail; a +0 ring mail You closely miss the steam dragon.
You are engulfed in a cloud of scalding steam.
The steam dragon breathes steam at you. The ball of steam hits you!!
* * * LOW HITPOINT WARNING * * *
You hit the steam dragon but do no damage.
You are engulfed in a cloud of scalding steam.
You slash the steam dragon!
The steam dragon is heavily wounded.
You are engulfed in a cloud of scalding steam.
* * * LOW HITPOINT WARNING * * *
You are no longer berserk.
You are exhausted.
You feel yourself slow down. The steam dragon breathes steam at you.
The ball of steam hits you!!
You die...

o. +#+#.###.##
.......... ....
...# .#.##..#
...'...o$+ ....
..#o.# .....#)#D.#
....)#)#@.#
.........§.#
##....#.§§####.#
####..........#
o##########§.######
............>......
...............####
#####.........#
#.#####.........#


You could see a steam dragon (catching breath) and 2 orcs.

Vanquished Creatures
  Edmund (D:4)
  A necrophage (D:4)
  2 centaur skeletons (D:7)
  A hound (D:5)
  An orc priest (D:7)
  A gnoll shaman (D:7)
  2 orc wizards
  A killer bee zombie (D:7)
  3 gnolls (D:7)
  An adder (D:5)
  A white imp (D:7)
  A dart slug (D:1)
  11 orcs
  2 goblins
  2 quokkas
  A bat (D:2)
  A kobold (D:1)
  A rat (D:1)
34 creatures vanquished.

Notes
Turn   | Place    | Note
-------+----------+-------------------------------------------
     0 | D:1      | nxtlvl the Draconian Berserker began the quest for the Orb.
     0 | D:1      | Reached XP level 1. HP: 19/19 MP: 1/1
   182 | D:2      | You fall into a shaft and drop 2 floors!
   189 | D:4      | Reached XP level 2. HP: 26/26 MP: 2/2
   200 | D:4      | Reached skill level 4 in Axes
   200 | D:4      | Reached XP level 3. HP: 31/31 MP: 3/3
   256 | D:4      | Noticed Edmund
   258 | D:4      | Noticed a necrophage
   271 | D:4      | Killed a necrophage
   272 | D:4      | Reached skill level 5 in Axes
   272 | D:4      | Reached XP level 4. HP: 38/38 MP: 4/4
   275 | D:4      | Killed Edmund
   276 | D:4      | Reached skill level 6 in Axes
   276 | D:4      | Reached XP level 5. HP: 45/45 MP: 5/5
   303 | D:5      | Entered Level 5 of the Dungeon
   311 | D:5      | Reached XP level 6. HP: 49/51 MP: 6/6
   403 | D:7      | Reached ** piety under Trog
   404 | D:7      | Reached skill level 7 in Axes
   590 | D:7      | Noticed a steam dragon
   606 | D:7      | Killed from afar by a steam dragon

Illustrated notes

Levels and vault maps discovered:
D:1:      dpeg_arrival_court, layout_basic
D:2:      layout_loops_ring, ebering_ecumenical_altar_mist
D:3:      layout_loops_ring, amcnicky_mini_corridor_feature, saegor_snake_ambush
D:4:      layout_basic, nicolae_sif_muna_little_library, temple_statues,
          minmay_vboxes, uniq_duvessa, uniq_edmund, uniq_pikel, uniq_robin
D:5:      layout_gridville, gammafunk_ghost_hive, grunt_ministairs_12,
          corexii_leaking_fountain, roderic_batcave, nicolae_shop_gadgets
D:6:      layout_basic, item_on_display_a, uniq_blork_the_orc
D:7:      layout_basic

Skill      XL: |  1  2  3  4  5  6 |
---------------+-------------------+-----
Axes           | 4 5 6 7 |  7.9
Fighting       | |  3.2
Dodging        | |  2.6

Action                   |  1- 3 |  4- 6 || total
-------------------------+-------+-------++-------
Melee: Hand axe          |    47 |    76 ||   123
       Tailslap          |     2 |     5 ||     7
Invok: Berserk           |     2 |     4 ||     6
Armor: Skin              |    18 |    40 ||    58
Dodge: Dodged            |    20 |    51 ||    71
